 Dungeon Crawl Stone Soup version 0.29.1 (webtiles) character file.

Game seed: 11267335915402737046

1026609 Ordine the End of an Era (level 27, -5/273 HPs)
             Began as a Hill Orc Fighter on Sept 14, 2022.
             Was the Champion of Qazlal.
             Killed by divine providence
             ... invoked by a daeva
              (12 damage)
             ... in Pandemonium.
             The game lasted 04:30:49 (102035 turns).

Ordine the End of an Era (Hill Orc Fighter)       Turns: 102035, Time: 04:30:50

Health: -5/273     AC: 51    Str: 33    XL:     27
Magic:  31/31      EV: 11    Int:  6    God:    Qazlal [******]
Gold:   4285       SH: 36    Dex:  8    Spells: 29/51 levels left

rFire   + + .      SeeInvis +   C - +9 broad axe (spect)
rCold   + + +      Faith    .   M - +7 kite shield of the Peculiar Prophets {rElec}
rNeg    + + +      Spirit   .   r - +12 gold dragon scales
rPois   +          Reflect  +   (helmet restricted)
rElec   +          Harm     .   O - scarf {rC+ rF+}
rCorr   .          Rampage  +   c - +2 pair of gloves of the Past {Drain rC+ rN++}
Will    +++..      Rage     9%  o - +2 pair of boots {rampage}
Stlth   .......... Rnd*Tele +   t - amulet "Taonuuh" {Reflect +Blink Slay+2 SH+5 Stlth+}
HPRegen 0.55/turn               m - ring of Marysaygy {rPois AC+4 SInv}
MPRegen 0.22/turn               L - ring "Jysmawn" {Fly rN++ Will+ MP-9 Slay+3}

@: on berserk cooldown, flying, slowed, glowing, studying 4 skills, repel
missiles, very slow
A: horns 2, berserk 2, clumsy 1, deterioration 1, dopey 1, screaming 2,
teleportitis 1, subdued magic 1, inability to drink after injury 1, MP-powered
wands
}: 10/15 runes: serpentine, barnacled, slimy, silver, abyssal, demonic, glowing,
magical, fiery, dark
a: Renounce Religion, Evoke Blink, Upheaval, Elemental Force, Disaster Area


You were in Pandemonium.
You worshipped Qazlal.
Qazlal was exalted by your worship.
You visited 12 branches of the dungeon, and saw 56 of its levels.
You visited Pandemonium 2 times, and saw 22 of its levels.
You visited the Abyss 3 times.
You also visited: Trove, Ice Cave and Wizlab.

You collected 12830 gold pieces.
You spent 8545 gold pieces at shops.

Inventory:

Hand Weapons
 C - a +9 spectral broad axe (weapon)
Armour
 a - a +1 helmet of intelligence
 c - the +2 pair of gloves of the Past (worn) {Drain rC+ rN++}
   (You found it on level 4 of the Shoals)

   rC:        It protects you from cold.
   rN:        It greatly protects you from negative energy.
   Drain:     It drains your maximum health when unequipped.
 o - a +2 pair of boots of rampaging (worn)
 r - +12 gold dragon scales (worn)
 E - a scarf of invisibility
 H - a +1 tower shield of reflection
 M - the +7 kite shield of the Peculiar Prophets (worn) {rElec}
   (You found it on level 10 of the Dungeon)

   rElec:     It insulates you from electricity.
 O - a scarf of resistance (worn)
Jewellery
 m - the ring of Marysaygy (left hand) {rPois AC+4 SInv}
   (You bought it in a shop on level 2 of the Snake Pit)

   [ring of protection]

   AC:        It affects your AC (+4).
   rPois:     It protects you from poison.
   SInv:      It lets you see invisible.
 t - the amulet "Taonuuh" (around neck) {Reflect +Blink Slay+2 SH+5 Stlth+}
   (You took it off a deep elf knight on level 3 of the Elven Halls)

   [amulet of reflection]

   It reflects blocked missile attacks.
   Slay:      It affects your accuracy & damage with ranged weapons and melee
   (+2).
   +Blink:    It lets you blink.
   SH:        It affects your SH (+5).
   Stlth:     It makes you more stealthy.
 w - the ring of Kikubaaqudgha's Regard {+Blink rPois rC+ SInv}
   (You acquired it in Pandemonium)

   [ring of see invisible]

   rC:        It protects you from cold.
   rPois:     It protects you from poison.
   SInv:      It lets you see invisible.
   +Blink:    It lets you blink.
 K - the ring "Jeall" {rElec rN+ MP+9 Int+2}
   (You found it on level 4 of the Vaults)

   [ring of magical power]

   Int:       It affects your intelligence (+2).
   rElec:     It insulates you from electricity.
   rN:        It protects you from negative energy.
   MP:        It affects your magic capacity (+9).
 L - the ring "Jysmawn" (right hand) {Fly rN++ Will+ MP-9 Slay+3}
   (You took it off a spriggan air mage in a wizard's laboratory)

   [ring of flight]

   Slay:      It affects your accuracy & damage with ranged weapons and melee
   (+3).
   rN:        It greatly protects you from negative energy.
   MP:        It affects your magic capacity (-9).
   Fly:       It grants you flight.
   Will:      It increases your willpower.
 Q - the ring "Ulaetiqu" {rN+ rCorr Int+6}
   (You took it off a seraph in Pandemonium)

   [ring of intelligence]

   Int:       It affects your intelligence (+6).
   rN:        It protects you from negative energy.
   rCorr:     It protects you from acid and corrosion.
 T - the ring of Xom's Passing Interest {rCorr Dex+6}
   (You bought it in a shop on level 2 of the Snake Pit)

   [ring of dexterity]

   Dex:       It affects your dexterity (+6).
   rCorr:     It protects you from acid and corrosion.
Wands
 p - a wand of light (53)
 x - a wand of digging (13)
 A - a wand of flame (88)
 F - a wand of polymorph (35)
 I - a wand of mindburst (55)
 R - a wand of paralysis (53)
 S - a wand of roots (58)
Scrolls
 b - 14 scrolls of enchant armour
 e - 9 scrolls of enchant weapon
 f - 18 scrolls of fog
 g - 14 scrolls of vulnerability
 k - 19 scrolls of immolation
 l - 11 scrolls of poison
 n - 10 scrolls of magic mapping
 u - a scroll of blinking
 y - 12 scrolls of amnesia
 z - 16 scrolls of fear
 D - 48 scrolls of teleportation
 U - 6 scrolls of silence
 X - 7 scrolls of torment
 Y - 3 scrolls of summoning
Potions
 d - 2 potions of ambrosia
 h - 22 potions of brilliance
 i - 17 potions of lignification
 j - 57 potions of curing
 q - 8 potions of magic
 s - 4 potions of haste
 v - 5 potions of berserk rage
 B - 3 potions of heal wounds
 G - 12 potions of attraction
 J - 5 potions of invisibility
 N - 10 potions of cancellation
 P - a potion of might
 W - 5 potions of resistance


   Skills:
 O Level 27 Fighting
 + Level 24.3 Axes
 + Level 26.9 Armour
 - Level 10.0 Dodging
 + Level 26.9 Shields
 + Level 12.5 Spellcasting
 + Level 16.1 Hexes
 + Level 9.2 Necromancy
 + Level 7.7 Translocations
 + Level 7.0 Transmutations
 + Level 15.3 Air Magic
 O Level 27 Invocations
 - Level 15.0 Evocations


You had 29 spell levels left.
You knew the following spells:

 Your Spells              Type           Power      Damage    Failure   Level
a - Silence               Hex/Air        8%         N/A       1%          5
b - Manifold Assault      Tloc           10%        N/A       54%         5
c - Passage of Golubria   Tloc           10%        N/A       22%         4
d - Necromutation         Tmut/Necr      5%         N/A       100%        8

Your spell library contained the following spells:

 Spells                   Type           Power      Damage    Failure   Level
 Apportation              Tloc           20%        N/A       1%          1
 Shock                    Conj/Air       36%        1d5       1%          1
 Slow                     Hex            68%        N/A       1%          1
 Sublimation of Blood     Necr           11%        N/A       1%          2
 Confusing Touch          Hex            17%        N/A       1%          3
 Portal Projectile        Hex/Tloc       26%        N/A       1%          3
 Swiftness                Air            17%        N/A       1%          3
 Tukima's Dance           Hex            17%        N/A       1%          3
 Airstrike                Air            8%         2d(2-18)  1%          4
 Beastly Appendage        Tmut           18%        N/A       2%          1
 Ensorcelled Hibernation  Hex/Ice        20%        N/A       2%          2
 Anguish                  Hex/Necr       7%         N/A       2%          4
 Blink                    Tloc           20%        N/A       3%          2
 Poisonous Vapours        Pois/Air       18%        N/A       3%          2
 Static Discharge         Conj/Air       9%         3-5/arc   3%          2
 Vampiric Draining        Necr           11%        2d6       3%          3
 Wereblood                Tmut           9%         N/A       4%          2
 Dazzling Flash           Conj/Hex       20%        N/A       5%          3
 Summon Guardian Golem    Hex/Summ       10%        N/A       5%          3
 Gell's Gravitas          Tloc           10%        N/A       6%          3
 Lesser Beckoning         Tloc           10%        N/A       6%          3
 Teleport Other           Tloc           10%        N/A       6%          3
 Animate Dead             Necr           11%        N/A       12%         4
 Dispel Undead            Necr           11%        3d9       12%         4
 Sting                    Tmut/Pois      24%        1d4       13%         1
 Yara's Violent Unravell  Hex/Tmut       6%         3d5       13%         5
 Passwall                 Tmut/Erth      5%         N/A       19%         2
 Mephitic Cloud           Conj/Pois/Air  7%         N/A       19%         3
 Corpse Rot               Necr/Pois/Air  10%        N/A       19%         4
 Fulminant Prism          Conj/Hex       5%         3d7       19%         4
 Leda's Liquefaction      Hex/Erth       5%         N/A       19%         4
 Summon Lightning Spire   Summ/Air       9%         N/A       22%         4
 Agony                    Necr           11%        N/A       32%         5
 Foxfire                  Conj/Fire      8%         2x1d4     50%         1
 Freeze                   Ice            8%         1d3       50%         1
 Magic Dart               Conj           8%         1d3       50%         1
 Sandblast                Erth           4%         2d4       50%         1
 Summon Small Mammal      Summ           8%         N/A       50%         1
 Metabolic Englaciation   Hex/Ice        5%         N/A       50%         5
 Summon Mana Viper        Hex/Summ       10%        N/A       50%         5
 Enfeeble                 Hex            8%         N/A       52%         7
 Lightning Bolt           Conj/Air       4%         1d16      54%         5
 Call Imp                 Summ           2%         N/A       63%         2
 Scorch                   Fire           4%         2d5       63%         2
 Searing Ray              Conj           4%         2d4       63%         2
 Blade Hands              Tmut           4%         N/A       65%         5
 Iskenderun's Mystic Bla  Conj/Tloc      6%         2d4       75%         4
 Ice Form                 Ice/Tmut       6%         N/A       80%         4
 Petrify                  Tmut/Erth      6%         N/A       80%         4
 Call Canine Familiar     Summ           2%         N/A       86%         3
 Frozen Ramparts          Ice            4%         1d1       86%         3
 Ozocubu's Armour         Ice            2%         N/A       86%         3
 Freezing Cloud           Conj/Ice/Air   3%         6-21      89%         5
 Death Channel            Necr           5%         N/A       89%         6
 Borgnjor's Vile Clutch   Necr/Erth      3%         N/A       93%         5
 Irradiate                Conj/Tmut      3%         3d12      98%         5
 Conjure Ball Lightning   Conj/Air       4%         3x3d6     98%         6
 Dispersal                Tloc           5%         N/A       98%         6
 Flame Wave               Conj/Fire      2%         2d4       99%         4
 Hailstorm                Conj/Ice       2%         3d3       99%         4
 Olgreb's Toxic Radiance  Pois           2%         N/A       99%         4
 Sticky Flame             Conj/Fire      2%         2d3       99%         4
 Summon Ice Beast         Ice/Summ       2%         N/A       99%         4
 Storm Form               Tmut/Air       6%         N/A       99%         7
 Discord                  Hex            8%         N/A       99%         8
 Fireball                 Conj/Fire      1%         3d3       100%        5
 Iskenderun's Battlesphe  Conj           2%         2d6       100%        5
 Simulacrum               Ice/Necr       3%         N/A       100%        6
 Starburst                Conj/Fire      1%         6d3       100%        6
 Statue Form              Tmut/Erth      4%         N/A       100%        6
 Summon Cactus Giant      Summ           1%         N/A       100%        6
 Haunt                    Necr/Summ      3%         N/A       100%        7
 Malign Gateway           Summ/Tloc      3%         N/A       100%        7
 Orb of Destruction       Conj           1%         9d5       100%        7
 Ozocubu's Refrigeration  Ice            1%         4d7       100%        7
 Summon Hydra             Summ           1%         N/A       100%        7
 Borgnjor's Revivificati  Necr           5%         N/A       100%        8
 Disjunction              Tloc           5%         N/A       100%        8
 Infestation              Necr           5%         N/A       100%        8
 Lehudib's Crystal Spear  Conj/Erth      1%         10d2      100%        8
 Summon Horrible Things   Summ           1%         N/A       100%        8
 Chain Lightning          Conj/Air       4%         3d6       100%        9
 Death's Door             Necr           5%         N/A       100%        9
 Fire Storm               Conj/Fire      1%         7d1       100%        9
 Shatter                  Erth           1%         3d5*      100%        9


Dungeon Overview and Level Annotations

Branches:
Dungeon (15/15)            Temple (1/1) D:7            Lair (5/5) D:10
 Shoals (4/4) Lair:3        Snake (4/4) Lair:2        Slime (5/5) Lair:4
    Orc (2/2) D:11            Elf (3/3) Orc:2        Vaults (5/5) D:14
  Crypt (3/3) Vaults:2       Tomb (0/3) Crypt:3      Depths (4/4) D:15
    Zot (5/5) Depths:4      IceCv (visited)          WizLab (visited)

Altars:
Ashenzari
Cheibriados
Dithmenos
Elyvilon
Fedhas
Gozag
Hepliaklqana
Kikubaaqudgha
Makhleb
Nemelex Xobeh
Okawaru
Qazlal
Ru
Sif Muna
Trog
Uskayaw
Vehumet
Wu Jian
Xom
Yredelemnul
Zin
The Shining One
Beogh

Shops:
D:7 =   D:11 (   D:14 (   D:15 *:   Orc:2 (?=[   Elf:3 ?   Shoals:3 (
Snake:2 *(!?==   Vaults:1 =   Vaults:5 !?!*

Portals:
Hell: Depths:1 Depths:2 Depths:3 Depths:4
Abyss: Depths:2 Depths:3
Pandemonium: Depths:2 Depths:3 Depths:4
Ziggurat: Depths:2

Annotations:
Zot:5 1 exclusion


Innate Abilities, Weirdness & Mutations

You have a pair of horns on your head.
You have an uncontrollable temper.
You are clumsy. (Dex -2)
Your body sometimes deteriorates upon taking damage.
You are dopey. (Int -2)
You frequently scream uncontrollably at your foes.
You are occasionally teleported next to monsters.
Your spells are a little easier to cast, but a little less powerful.
You occasionally lose the ability to drink potions when taking damage.
You expend magic power (3 MP) to strengthen your wands.


Message History

* * * LOW HITPOINT WARNING * * *
The daeva calls down the wrath of Zin upon you.
Zin smites you!
* * * LOW HITPOINT WARNING * * *
Things that are here:
a +2 eudemon blade of holy wrath; a +2 tower shield You slice the daeva!!
The daeva is severely wounded.
You closely miss the cherub.
Your +9 spectral broad axe barely misses the cherub.
The cherub unwields a +0 sling.
The cherub wields a +0 flail of flaming.
It bursts into flame!
You block the cherub's attack. x2
The daeva calls down the wrath of the Shining One upon you.
The Shining One smites you!
* * * LOW HITPOINT WARNING * * *
The daeva calls down the wrath of Zin upon you.
Zin smites you!
* * * LOW HITPOINT WARNING * * *
The daeva calls down the wrath of Zin upon you.
Zin smites you!
* * * LOW HITPOINT WARNING * * *
The daeva calls down the wrath of Zin upon you.
Zin smites you!
* * * LOW HITPOINT WARNING * * *
There is an open door, spattered with blood here.
Things that are here:
a +3 whip of holy wrath; a +0 robe Unknown command.
You feel a strong urge to attack something.
The daeva calls down the wrath of Zin upon you.
Zin smites you!
* * * LOW HITPOINT WARNING * * *
Unknown command.
You are no longer berserk.
You are exhausted.
You feel yourself slow down.
The daeva calls down the wrath of Zin upon you.
Zin smites you!
You die...

###..............###
##........!.......§.####
#..#.##############§§..#####
#...### #.#......##### #..## ..#
#.##.........## ...# ....
#........#..... ...#
.....##############........ ...#
....AA.§#)#.#.#.#.#.#.....# ...#
#AA.@.......)......## ...#
.....A.A#.#.#.#.#.#.#...### (..#
.....##############......## ...#
.... #........#..... #..## ..#
#.##........... #...###
#.#............
#..#.##############....####......
....................)..#..#######
...=..##...............#..#######


You could see 4 daevas and 2 cherubim.

Vanquished Creatures
  Cerebov (Pan)
  the Royal Jelly (Slime:5)
  A seraph (Pan)
  Gloorx Vloq (Pan)
  Mnoleg (Pan)
  Lom Lobon (Pan)
  4 orbs of fire
  7 dread liches
  11 pandemonium lords (Pan)
  A juggernaut (Depths:3)
  8 ancient liches
  A royal mummy (Crypt:3)
  Sojobo (Depths:2)
  Josephina (Depths:2)
  The ghost of Osipn the Impregnable, a veteran MiGl of Hepliaklqana (Crypt:3)
  Boris (Crypt:2)
  Vv (Depths:2)
  Bai Suzhen (Shoals:3)
  3 Killer Klowns
  Parghit (Depths:4)
  Xtahua (Vaults:4)
  Saint Roka (Snake:4)
  The ghost of Woadakig the Executioner, a veteran FoFi of Dithmenos (Crypt:3)
  3 caustic shrikes
  13 golden dragons
  2 curse toes
  2 pearl dragons (Pan)
  A profane servitor (Crypt:3)
  Nikola (Snake:4)
  2 bone dragons
  the Enchantress (Depths:3)
  2 electric golems (Zot:5)
  6 Brimstone Fiends (Pan)
  12 Tzitzimimeh (Pan)
  A shard shrike zombie (Crypt:1)
  19 tentacled monstrosities
  3 hellephants
  6 Ice Fiends (Pan)
  A shard shrike skeleton (Crypt:3)
  A Cloud Mage (WizLab)
  2 Hell Sentinels (Pan)
  A walking crystal tome (Depths:3)
  A walking frostbound tome (Depths:3)
  20 Orb Guardians
  2 walking earthen tomes
  2 deep elf blademasters
  9 liches
  12 quicksilver dragons
  Asterion (Elf:2)
  10 titans
  22 Executioners (Pan)
  23 acid blobs
  Polyphemus (Shoals:2)
  8 death cobs
  8 sphinxes
  Frances (Shoals:1)
  7 ancient champions (Crypt:3)
  11 tentacled starspawn
  Donald (Shoals:1)
  17 storm dragons
  10 shadow dragons
  5 draconian monks
  3 revenants
  2 nagarajas (Snake:4)
  A nargun (Abyss:7)
  Roxanne (D:15)
  14 tengu reavers
  16 daevas
  12 azure jellies
  12 demonspawn warmongers (Pan)
  9 fire giants
  13 deep elf sorcerers
  14 rockslimes
  Aizul (Shoals:2)
  4 draconian scorchers
  22 vault wardens
  2 draconian knights (Zot:1)
  31 balrugs
  A juggernaut zombie (Depths:2)
  10 frost giants
  An orc warlord (Vaults:2)
  3 curse skulls
  3 ghost moths
  37 angels (Pan)
  5 spriggan defenders
  4 draconian stormcallers
  Louise (Elf:3)
  4 draconian shifters
  5 deep elf elementalists
  19 ironbound preservers
  33 cacodemons
  11 demonspawn corrupters (Pan)
  4 war gargoyles
  10 quicksilver oozes
  3 ghouls
  A juggernaut skeleton (Depths:2)
  17 stone giants
  5 demonspawn blood saints (Pan)
  20 ophanim (Pan)
  26 very ugly things
  17 reapers
  8 draconian annihilators
  8 black draconians
  2 vampire knights
  24 apis (Pan)
  9 ironbound thunderhulks
  11 green draconians
  9 demonspawn black suns (Pan)
  10 deep elf demonologists
  Nessos (Lair:5)
  11 deep elf annihilators
  A minotaur (shapeshifter) (Depths:3)
  17 lorocyprocas (Pan)
  An entropy weaver (Vaults:1)
  10 dire elephants
  12 purple draconians
  16 red draconians
  18 spark wasps
  13 yellow draconians
  Azrael (D:14)
  9 white draconians
  39 blizzard demons
  5 deep elf death magi
  7 eidola
  38 green deaths
  14 fire dragons
  4 merfolk javelineers
  18 jiangshi
  2 mummy priests (Crypt:3)
  5 crystal guardians
  13 ettins
  5 merfolk impalers
  16 great orbs of eyes
  Harold (Lair:1)
  6 deep elf high priests
  32 vault guards
  13 yaktaur captains
  A quicksilver dragon skeleton (Crypt:3)
  13 rakshasas
  6 ice dragons
  6 hydras
  5 peacekeepers
  5 hell beasts (Pan)
  2 ghost crabs (WizLab)
  8 boulder beetles
  5 salamander tyrants
  An ogre mage (D:15)
  5 merfolk avatars
  13 spriggan air magi
  2 juggernaut simulacra (Pan)
  3 catoblepae
  13 anacondas
  6 merfolk aquamancers (Shoals:4)
  7 naga warriors
  A satyr (Shoals:3)
  3 centaur warriors
  11 ironbound frosthearts
  29 dancing weapons
  6 two-headed ogres
  2 alligator snapping turtles (Shoals:4)
  4 death knights
  8 tengu warriors
  6 deep troll earth magi
  3 deep troll shamans
  14 naga sharpshooters
  4 orc high priests (Orc:2)
  8 death yaks
  4 hell hogs
  27 hell knights
  6 vampire magi
  43 thrashing horrors
  44 soul eaters
  4 spriggan berserkers
  114 sun demons
  16 shock serpents
  A crystal echidna (Abyss:7)
  21 deep elf knights
  2 titan skeletons
  47 sixfirhies
  27 wretched stars
  11 cherubim (Pan)
  11 salamander mystics
  2 iron trolls
  20 skeletal warriors
  An anaconda zombie (Crypt:3)
  3 spatial maelstroms (Abyss:7)
  11 shadow demons
  43 deep trolls
  13 shadow wraiths
  13 sea snakes
  8 naga ritualists
  20 ironbound convokers
  8 glowing orange brains
  15 wizards
  2 lindwurms
  2 death drakes (shapeshifter)
  An anaconda skeleton (Crypt:2)
  4 flayed ghosts
  15 necromancers
  3 death drakes (WizLab)
  22 harpies
  3 bog bodies
  26 deep elf zephyrmancers
  A shadow dragon zombie (Crypt:1)
  10 orc knights
  13 deep elf archers
  9 phantasmal warriors
  Pikel (D:4)
  25 deep elf pyromancers
  A wolf spider zombie (D:15)
  A broodmother zombie (Crypt:2)
  14 fauns
  15 mana vipers
  13 manticores
  An iron dragon zombie (Depths:2)
  24 ugly things
  5 orc sorcerers
  A frost giant zombie (Depths:2)
  7 shining eyes
  An oklob plant (Snake:3)
  16 salamanders
  31 moths of wrath
  2 worldbinders
  3 guardian serpents
  5 cyclopes
  4 elephants (Lair:4)
  A toenail golem (Pan)
  3 centaur zombies
  3 rust devils (Pan)
  91 smoke demons
  9 merfolk sirens
  9 water nymphs
  11 naga magi
  4 apocalypse crabs
  2 eyes of devastation
  A naga skeleton (Pan)
  34 black mambas
  73 large abominations
  3 centaur skeletons
  6 ice statues
  28 vault sentinels
  50 orange demons
  A storm dragon simulacrum (Depths:2)
  A dire elephant skeleton (Crypt:3)
  8 hellions
  An elephant slug zombie (Crypt:2)
  14 cane toads
  2 unseen horrors (Pan)
  A grey draconian zombie (Crypt:3)
  25 demonic crawlers (Pan)
  9 freezing wraiths
  11 tormentors
  8 komodo dragons
  A yaktaur (shapeshifter) (Vaults:4)
  A kobold demonologist (D:12)
  3 rime drakes
  Maggie (D:9)
  12 efreet
  5 guardian mummies (Crypt:3)
  A spark wasp simulacrum (Depths:2)
  A tengu conjurer (D:15)
  A catoblepas skeleton (Crypt:1)
  An iron troll zombie (Crypt:1)
  An anaconda simulacrum (Crypt:3)
  6 ice devils
  15 yaktaurs
  A hydra zombie (Crypt:1)
  11 red devils
  6 ancient zymes
  54 hellwings
  7 polar bears
  2 tyrant leeches (Abyss:4)
  7 blink frogs
  4 meliai
  6 trolls
  4 wind drakes
  A tengu simulacrum (Depths:2)
  A hornet (shapeshifter) (Depths:3)
  12 raiju
  10 merfolk
  11 hornets
  2 harpy skeletons
  A raiju (shapeshifter) (Vaults:4)
  11 dream sheep
  72 slime creatures
  2 dream sheep (shapeshifter)
  4 snapping turtles
  A frost giant simulacrum (Depths:2)
  A centaur simulacrum (D:15)
  11 air elementals
  11 flying skulls
  22 spriggans
  2 yaks (shapeshifter)
  The ghost of Renatus the Cudgeller, an amateur TrMo of Yredelemnul (D:5)
  An ettin skeleton (Pan)
  A fire dragon skeleton (Pan)
  10 wraiths
  3 vampires
  An ushabti (Crypt:3)
  18 water elementals
  Eustachio (D:4)
  2 shadows
  49 yaks
  70 ynoxinuls
  6 fire elementals
  A black mamba skeleton (Crypt:1)
  4 wyverns
  4 golden eyes
  A redback (shapeshifter) (Vaults:5)
  4 basilisks
  7 vampire mosquitoes
  33 neqoxecs
  5 small abominations
  3 redbacks (Vaults:1)
  3 death yak simulacra
  A wind drake skeleton (Crypt:1)
  43 chaos spawn
  A spatial vortex (Abyss:7)
  A human simulacrum (Vaults:3)
  A glowing shapeshifter zombie (Depths:2)
  A redback simulacrum (D:15)
  7 wargs
  An acid dragon (D:13)
  A harpy simulacrum (Abyss:5)
  2 water nymph zombies (Crypt:3)
  35 nagas
  12 water moccasins
  11 hell hounds
  2 sky beasts (D:6)
  A fire bat skeleton (Crypt:3)
  2 floating eyes
  28 starcursed masses
  29 orc warriors
  6 black bears
  2 ice beasts
  A golden eye zombie (Crypt:2)
  5 boggarts (Lair:5)
  A swamp dragon skeleton (Crypt:1)
  An ogre (shapeshifter) (Depths:3)
  8 ogres
  25 wolves
  5 centaurs
  A lemure (D:4)
  3 kobold brigands
  A phantom (D:5)
  2 necrophages
  11 bullfrogs
  3 gnoll sergeants
  4 scorpions
  6 cane toad simulacra
  2 earth elementals
  8 two-headed ogre simulacra (IceCv)
  A water moccasin zombie (Crypt:2)
  A cyclops skeleton (Crypt:1)
  7 wights
  A warg skeleton (Crypt:1)
  A troll zombie (Crypt:2)
  3 killer bees (D:9)
  4 electric eels
  An elephant simulacrum (IceCv)
  A howler monkey (D:9)
  5 jellies
  A quasit (Abyss:4)
  A basilisk zombie (Crypt:3)
  A wolf skeleton (Crypt:1)
  2 gnoll boudas
  Crazy Yiuf (D:3)
  A human zombie (Crypt:2)
  26 orc priests
  A hound (D:6)
  An iron imp (Abyss:3)
  Jessica (D:2)
  4 iguanas
  25 orc wizards
  2 hell rats (Lair:1)
  6 spriggan simulacra
  3 troll simulacra (IceCv)
  7 polar bear simulacra
  2 wolf simulacra (IceCv)
  An acid dragon skeleton (Crypt:3)
  12 mummies (Crypt:3)
  A howler monkey skeleton (Crypt:2)
  15 gnolls
  7 naga simulacra (IceCv)
  4 river rats (Lair:1)
  7 adders
  A swamp drake zombie (Crypt:1)
  2 shadow imps
  4 white imps
  7 ufetubi
  An adder skeleton (Crypt:3)
  A worm (D:2)
  A dart slug (D:2)
  104 orcs
  5 bats
  6 endoplasms
  3 giant cockroaches
  10 goblins
  5 hobgoblins
  4 jackals (D:1)
  5 quokkas
  3 training dummies (Shoals:3)
  5 ball pythons
  4 frilled lizards
  A gnoll zombie (Crypt:3)
  14 kobolds
  11 rats
  A spectral orc (D:12)
  3 ball lightnings (Pan)
  2 bushes
  11 fire vortices (Pan)
  9 lurking horrors
  7 starspawn tentacles
3747 creatures vanquished.

Vanquished Creatures (collateral kills)
  A deep elf sorcerer (Elf:3)
1 creature vanquished.

Vanquished Creatures (others)
  A quicksilver dragon (Abyss:7)
  A shadow dragon (Vaults:3)
  A lorocyproca (Pan)
  2 naga sharpshooters (Snake:4)
  A thrashing horror (Abyss:7)
  A salamander mystic (Snake:4)
  A death drake (WizLab)
  2 deep elf pyromancers (Elf:1)
  A salamander (Snake:4)
  A yaktaur (Vaults:5)
  A slime creature (Slime:5)
  An air elemental (Elf:1)
  A ynoxinul (Pan)
  A naga (Snake:4)
  A jelly (Abyss:4)
  An orc wizard (Orc:2)
  3 ball lightnings (Pan)
  2 bushes (Lair:5)
  6 demonic plants
  57 fungi
  A lurking horror (Abyss:7)
  168 plants
  26 starspawn tentacles
281 creatures vanquished.

Grand Total: 4029 creatures vanquished

Notes
Turn   | Place    | Note
-------+----------+-------------------------------------------
     0 | D:1      | Ordine the Hill Orc Fighter began the quest for the Orb.
     0 | D:1      | Reached XP level 1. HP: 19/19 MP: 1/1
   145 | D:1      | Reached XP level 2. HP: 24/27 MP: 2/2
   633 | D:1      | Reached XP level 3. HP: 17/33 MP: 3/3
  1540 | D:2      | Reached XP level 4. HP: 29/40 MP: 4/4
  1859 | D:2      | Noticed Jessica
  1865 | D:2      | Killed Jessica
  2049 | D:3      | Found a shimmering altar of Xom.
  2160 | D:3      | Noticed an ice beast
  2170 | D:3      | Killed an ice beast
  2171 | D:3      | Reached skill level 5 in Axes
  2171 | D:3      | Reached XP level 5. HP: 36/47 MP: 5/5
  2447 | D:3      | Reached XP level 6. HP: 35/53 MP: 6/6
  2896 | D:3      | Found a runed translucent door.
  2897 | D:3      | Noticed Crazy Yiuf
  2907 | D:3      | Killed Crazy Yiuf
  3211 | D:4      | Noticed Eustachio
  3518 | D:4      | Killed Eustachio
  3519 | D:4      | Reached skill level 5 in Fighting
  3519 | D:4      | Reached XP level 7. HP: 37/61 MP: 7/7
  4730 | D:4      | Noticed Pikel
  4765 | D:5      | Entered Level 5 of the Dungeon
  4957 | D:4      | Reached skill level 5 in Armour
  4957 | D:4      | Reached skill level 5 in Shields
  4959 | D:4      | Killed Pikel
  4960 | D:4      | Reached XP level 8. HP: 65/70 MP: 8/8
  5385 | D:5      | Found a runed translucent gate.
  5390 | D:5      | Found a runed translucent gate.
  5390 | D:5      | Found an opulent altar of Gozag.
  5391 | D:5      | Found a runed translucent gate.
  5391 | D:5      | Noticed a wraith
  5393 | D:5      | Noticed Renatus's ghost (amateur TrMo)
  5691 | D:5      | Found an opulent altar of Gozag.
  5938 | D:5      | Found a blossoming altar of Fedhas.
  5939 | D:5      | Found a stormy altar of Qazlal.
  5948 | D:5      | Became a worshipper of Qazlal Stormbringer
  6127 | D:5      | Found a basalt altar of Yredelemnul.
  6133 | D:5      | Found an iron altar of Okawaru.
  6138 | D:5      | Found a shimmering blue altar of Sif Muna.
  6213 | D:5      | Killed Renatus's ghost
  6214 | D:5      | Reached skill level 1 in Invocations
  6220 | D:5      | Killed a wraith
  6311 | D:6      | Reached XP level 9. HP: 79/79 MP: 10/10
  6883 | D:6      | Reached * piety under Qazlal
  6892 | D:6      | Reached skill level 10 in Axes
  7188 | D:6      | Found a runed translucent door.
  7438 | D:6      | Found a roughly hewn altar of Beogh.
  7767 | D:7      | Found a staircase to the Ecumenical Temple.
  7819 | D:7      | Noticed a hornet
  7821 | D:7      | Found a shadowy altar of Dithmenos.
  7823 | D:7      | Killed a hornet
  7884 | Temple   | Entered the Ecumenical Temple
  8277 | D:7      | Reached ** piety under Qazlal
  8288 | D:7      | HP: 3/81 [centaur/arrow (7)]
  8293 | D:7      | HP: 1/81 [centaur/arrow (3)]
  8651 | D:6      | Reached XP level 10. HP: 62/88 MP: 8/13
  8999 | D:7      | Reached skill level 5 in Invocations
  9116 | D:7      | Found a glowing golden altar of the Shining One.
  9158 | D:7      | Found a faded altar of an unknown god.
  9235 | D:7      | Found a hazy altar of Hepliaklqana.
  9292 | D:7      | Found Puityaw's Jewellery Shoppe.
 10437 | D:9      | Noticed a six-headed hydra
 10448 | D:9      | Killed a six-headed hydra
 10776 | D:9      | Identified the +3 plate armour of Jigsaw {Str+4 Dex+4}
 10813 | D:9      | Noticed a two-headed ogre
 11235 | D:9      | Killed a two-headed ogre
 11248 | D:9      | Reached XP level 11. HP: 56/97 MP: 12/16
 11534 | D:9      | Noticed Maggie
 11552 | D:9      | Killed Maggie
 11812 | D:9      | Reached *** piety under Qazlal
 12157 | D:10     | Entered Level 10 of the Dungeon
 12266 | D:10     | Found Wadutes's Distillery.
 12412 | D:10     | Bought a potion of haste for 140 gold pieces
 12412 | D:10     | Bought a potion of curing for 42 gold pieces
 12412 | D:10     | Bought a potion of lignification for 42 gold pieces
 12412 | D:10     | Bought a potion of might for 56 gold pieces
 12412 | D:10     | Bought a potion of resistance for 140 gold pieces
 12412 | D:10     | Bought a potion of lignification for 42 gold pieces
 12412 | D:10     | Bought a potion of lignification for 42 gold pieces
 12418 | D:10     | Found a staircase to the Lair.
 12491 | D:10     | Identified the +7 kite shield of the Peculiar Prophets
                  | {rElec}
 13297 | D:10     | Found a portal to a secret trove of treasure.
 13379 | D:11     | Noticed a seven-headed hydra
 13649 | D:11     | Found Ymuclukh's Antique Weapon Shop.
 13780 | D:11     | Noticed a cyan ugly thing
 13782 | D:11     | Found a staircase to the Orcish Mines.
 13794 | D:11     | Killed a cyan ugly thing
 13795 | D:11     | Reached skill level 10 in Fighting
 14132 | Lair:1   | Entered Level 1 of the Lair of Beasts
 14253 | Lair:1   | Reached XP level 12. HP: 101/106 MP: 18/18
 14274 | Lair:1   | Noticed a four-headed hydra
 14278 | Lair:1   | Killed a seven-headed hydra
 14279 | Lair:1   | Reached skill level 15 in Axes
 14279 | Lair:1   | Reached skill level 1 in Evocations
 14434 | Lair:1   | Noticed Harold
 14451 | Lair:1   | Killed Harold
 14499 | Lair:1   | Noticed a catoblepas
 14512 | Lair:1   | Killed a catoblepas
 14779 | Lair:1   | Reached **** piety under Qazlal
 14858 | Lair:1   | Identified the +0 leather armour of the Tick {Int+4}
 15905 | Lair:2   | Reached skill level 10 in Shields
 15976 | Lair:2   | Noticed an eight-headed hydra
 15987 | Lair:2   | Reached skill level 10 in Armour
 15991 | Lair:2   | Killed a 15-headed hydra
 16374 | Lair:2   | Found a staircase to the Snake Pit.
 16925 | Lair:3   | Found a staircase to the Shoals.
 17134 | Lair:3   | Reached ***** piety under Qazlal
 17509 | Lair:3   | Reached XP level 13. HP: 116/116 MP: 20/20
 17657 | Lair:4   | Found a staircase to the Slime Pits.
 17674 | Lair:4   | Found a frozen archway.
 17691 | IceCv    | Entered an ice cave
 17731 | IceCv    | Reached skill level 10 in Invocations
 18362 | IceCv    | Found the +14 obsidian axe {vorpal, Mesm Drain Fly SInv}
 19396 | Lair:4   | Got the Codex of Conflict
 19628 | Lair:5   | Entered Level 5 of the Lair of Beasts
 19637 | Lair:5   | Reached skill level 5 in Evocations
 20131 | Lair:5   | Found the +3 robe of Clouds {*Thunder rCloud rElec}
 20180 | Lair:5   | Reached XP level 14. HP: 115/126 MP: 19/22
 20374 | Lair:5   | Noticed Nessos
 20381 | Lair:5   | Reached ****** piety under Qazlal
 20409 | Lair:5   | Killed Nessos
 20745 | Lair:5   | Got the Atlas of Fetid Death
 22189 | D:12     | Found a basalt altar of Yredelemnul.
 22957 | D:13     | Reached skill level 1 in Dodging
 23265 | D:14     | Found a shimmering altar of Xom.
 23275 | D:14     | Noticed Azrael
 23303 | D:14     | Killed Azrael
 23454 | D:14     | Reached XP level 15. HP: 80/136 MP: 12/24
 23903 | D:14     | Found Aqiq's Weapon Shop.
 24023 | D:14     | Found a gate to the Vaults.
 24218 | D:14     | Identified the +10 scimitar of Demand {venom, Will++ Dex+4}
 24225 | D:14     | Reached XP level 16. HP: 144/144 MP: 25/25
 24226 | D:14     | Reached XP level 17. HP: 151/151 MP: 25/27
 24326 | D:15     | Entered Level 15 of the Dungeon
 24499 | D:15     | Found Fein's Book Shop.
 24524 | D:15     | Identified Roxanne's Spellbook of Silt
 24524 | D:15     | Noticed Roxanne
 24543 | D:15     | Killed Roxanne
 24606 | D:15     | Found a bloodstained altar of Trog.
 24895 | D:15     | Found a staircase to the Depths.
 25334 | D:15     | Found Olaix's General Store.
 25339 | D:15     | Bought a scroll of enchant weapon for 120 gold pieces
 25339 | D:15     | Bought a scroll of fog for 64 gold pieces
 25339 | D:15     | Bought a +2 helmet for 264 gold pieces
 25339 | D:15     | Bought a potion of mutation for 128 gold pieces
 25339 | D:15     | Bought a potion of mutation for 128 gold pieces
 25662 | D:7      | Bought a ring of flight for 227 gold pieces
 25779 | Orc:1    | Entered Level 1 of the Orcish Mines
 25980 | Orc:2    | Entered Level 2 of the Orcish Mines
 27339 | Orc:2    | Found a staircase to the Elven Halls.
 27596 | Orc:2    | Found Lyhum's Jewellery Shop.
 27596 | Orc:2    | Found Fulieck's Antique Armour Shop.
 27597 | Orc:2    | Found Pein's Magic Scroll Boutique.
 27601 | Orc:2    | Found Mycvixog's Antique Weapon Boutique.
 27712 | Orc:2    | Bought the amulet "Oqomm" {Reflect rPois rN+ SH+5} for 635
                  | gold pieces
 27726 | Orc:2    | Bought a runed broad axe for 224 gold pieces
 27731 | Orc:2    | Bought a scroll of teleportation for 51 gold pieces
 27731 | Orc:2    | Bought a scroll of fog for 68 gold pieces
 27731 | Orc:2    | Bought a scroll of magic mapping for 127 gold pieces
 27836 | D:10     | You paid a toll of 3 potions of resistance to enter a
                  | treasure trove
 27837 | Trove    | Entered a treasure trove
 27870 | Trove    | Identified the +7 executioner's axe of Conscience {freeze,
                  | *Rage rElec rPois}
 27889 | Trove    | Identified the amulet of Yredelemnul, Building {rElec rPois
                  | Regen+ Int-3}
 27895 | Trove    | Identified the amulet of Picuvvau {Reflect rN+ SH+5}
 27998 | Shoals:1 | Entered Level 1 of the Shoals
 28596 | Shoals:1 | Noticed Donald
 28628 | Shoals:1 | Killed Donald
 29522 | Shoals:2 | Noticed Aizul
 29553 | Shoals:2 | Killed Aizul
 29554 | Shoals:2 | Reached skill level 5 in Dodging
 29801 | Shoals:2 | Noticed Frances
 29813 | Shoals:1 | Killed Frances
 30348 | Shoals:2 | Noticed Polyphemus
 30361 | Shoals:2 | Killed Polyphemus
 30363 | Shoals:2 | Identified a scroll of acquirement
 30376 | Shoals:2 | Reached skill level 15 in Fighting
 30385 | Shoals:2 | Reached XP level 18. HP: 126/163 MP: 29/29
 31065 | Shoals:2 | Acquired 658 gold pieces
 31580 | Shoals:3 | Reached skill level 15 in Invocations
 31842 | Shoals:3 | Noticed Bai Suzhen
 31995 | Shoals:3 | Killed Bai Suzhen
 31996 | Shoals:3 | Reached skill level 10 in Evocations
 32268 | Shoals:3 | Found Mory's Firing Range.
 32610 | Shoals:4 | Entered Level 4 of the Shoals
 33286 | Shoals:4 | Identified the +11 halberd of Ximahiy {venom, rPois Int+6}
 33485 | Shoals:4 | Identified the +2 pair of gloves of the Past {Drain rC+
                  | rN++}
 33786 | Shoals:4 | Got a barnacled rune of Zot
 33854 | Shoals:4 | Identified the +4 scale mail of the Ward {rF+}
 34295 | Shoals:4 | Identified the +3 quarterstaff of Peobb {holy, Int+6 SInv
                  | Stlth-}
 34618 | Orc:2    | Bought a scroll of fog for 68 gold pieces
 34622 | Orc:2    | Bought an embroidered hat for 231 gold pieces
 34740 | Snake:1  | Entered Level 1 of the Snake Pit
 35371 | Snake:2  | Found Peasoes's One-of-a-Kind Rings.
 35385 | Snake:2  | Found Loufras's Jewellery Shop.
 35389 | Snake:2  | Found Ducon's Magic Scroll Shop.
 35398 | Snake:2  | Reached skill level 15 in Shields
 35404 | Snake:2  | Reached XP level 19. HP: 167/172 MP: 31/31
 35449 | Snake:2  | Found Bimadyit's Distillery.
 35449 | Snake:2  | Found Xos Huo's Weapon Boutique.
 35454 | Snake:2  | Found Koituysk's General Store.
 35589 | Snake:2  | Reached skill level 15 in Armour
 37429 | Snake:3  | Found a basalt altar of Yredelemnul.
 37912 | Snake:4  | Entered Level 4 of the Snake Pit
 37915 | Snake:4  | Noticed Saint Roka
 37930 | Snake:4  | Killed Saint Roka
 38169 | Snake:4  | Identified the +4 halberd of Sin {vorpal, +Blink Fly rPois
                  | Dex-5}
 38427 | Snake:4  | Noticed Nikola
 38460 | Snake:4  | Killed Nikola
 39143 | Snake:4  | Got a serpentine rune of Zot
 39422 | Snake:2  | Bought the ring of Marysaygy {rPois AC+4 SInv} for 719 gold
                  | pieces
 39575 | Elf:1    | Entered Level 1 of the Elven Halls
 39590 | Elf:1    | Reached XP level 20. HP: 171/184 MP: 32/32
 39696 | Elf:1    | Paralysed by an air elemental for 1 turns
 39712 | Elf:1    | Paralysed by an air elemental for 1 turns
 40727 | Elf:2    | Noticed Asterion
 40739 | Elf:2    | Killed Asterion
 40741 | Abyss:3  | Cast into level 3 of the Abyss (a deep elf sorcerer)
 40809 | Abyss:3  | Noticed a bone dragon
 40865 | Elf:2    | Escaped the Abyss
 41219 | Elf:2    | Paralysed by an air elemental for 1 turns
 41227 | Elf:2    | Paralysed by an air elemental for 1 turns
 41536 | Elf:2    | Found a runed translucent gate.
 41536 | Elf:2    | Found a runed translucent gate.
 41537 | Elf:2    | Found a runed translucent gate.
 42530 | Elf:2    | Reached skill level 10 in Dodging
 42717 | Elf:3    | Entered Level 3 of the Elven Halls
 42850 | Elf:3    | Found a shimmering blue altar of Sif Muna.
 42967 | Elf:3    | Found Myfaom's Magic Scroll Shop.
 43111 | Elf:3    | Paralysed by an air elemental for 1 turns
 43130 | Elf:3    | Identified the amulet "Orphar" {Spirit Dex+7}
 43141 | Elf:3    | Identified the amulet "Taonuuh" {Reflect +Blink Slay+2 SH+5
                  | Stlth+}
 43165 | Elf:3    | Reached XP level 21. HP: 123/194 MP: 34/34
 43188 | Elf:3    | Noticed Louise
 43687 | Elf:3    | Killed Louise
 44449 | Elf:3    | Identified the amulet of Law {Acrobat Rampage Dex+4 Stlth+}
 45081 | Snake:2  | Bought the ring of Xom's Passing Interest {rCorr Dex+6} for
                  | 874 gold pieces
 45120 | Snake:2  | Bought a potion of curing for 45 gold pieces
 45120 | Snake:2  | Bought 2 potions of curing for 90 gold pieces
 45120 | Snake:2  | Bought a potion of curing for 45 gold pieces
 45120 | Snake:2  | Bought 2 potions of curing for 90 gold pieces
 45120 | Snake:2  | Bought 2 potions of might for 120 gold pieces
 45123 | Snake:2  | Bought a potion of lignification for 48 gold pieces
 45123 | Snake:2  | Bought a potion of berserk rage for 80 gold pieces
 45129 | Snake:2  | Bought a scroll of teleportation for 51 gold pieces
 45129 | Snake:2  | Bought a scroll of fog for 68 gold pieces
 45304 | Vaults:1 | Entered Level 1 of the Vaults
 45613 | Vaults:1 | Found Juryoc's Jewellery Shop.
 45880 | Vaults:1 | Identified the +4 plate armour "Yxaatrimn" {Harm Will+
                  | Str+4}
 46969 | Vaults:2 | Got Qeruir's Spellbook of Enthralling Transmutation
 47155 | Vaults:2 | Found a roughly hewn altar of Beogh.
 47387 | Vaults:2 | Found a staircase to the Crypt.
 47822 | Vaults:2 | Reached XP level 22. HP: 193/206 MP: 35/35
 48609 | Vaults:3 | Identified the +0 chain mail "Afaadysk" {+Inv rF- Str+3}
 49596 | Vaults:3 | Identified the +5 leather armour of Lies {Regen+ SInv}
 50168 | Vaults:4 | Noticed Xtahua
 50183 | Vaults:4 | Killed Xtahua
 50362 | Vaults:4 | Found a transporter.
 50404 | Vaults:4 | Found a transporter.
 51420 | Vaults:4 | Reached XP level 23. HP: 149/217 MP: 37/37
 51990 | Vaults:4 | Identified the +8 chain mail "Xobikk" {Will+ Str+6}
 52012 | Vaults:4 | Identified the ring "Jeall" {rElec rN+ MP+9 Int+2}
 52022 | Vaults:4 | Identified the amulet "Kuraf" {*Slow rN+++ Will++ Regen+
                  | Int-4}
 52069 | Vaults:5 | Entered Level 5 of the Vaults
 52122 | Vaults:5 | Noticed a golden dragon
 53001 | Vaults:5 | Noticed a golden dragon
 53238 | Vaults:4 | Killed a golden dragon
 53509 | Vaults:4 | Killed a golden dragon
 53562 | Vaults:5 | Noticed a dread lich
 53582 | Vaults:4 | Killed a dread lich
 53896 | Vaults:5 | Noticed a golden dragon
 53906 | Vaults:5 | Killed a golden dragon
 53913 | Vaults:5 | Noticed a dread lich
 53940 | Vaults:4 | Killed a dread lich
 54067 | Vaults:5 | Noticed a dread lich
 54070 | Vaults:5 | Noticed a dread lich
 54324 | Vaults:4 | Killed a dread lich
 54402 | Vaults:4 | Killed a dread lich
 54526 | Vaults:5 | Noticed a golden dragon
 54531 | Vaults:5 | Killed a golden dragon
 54557 | Vaults:5 | Identified the +11 battleaxe of the Teaching Gods {flame,
                  | rPois rC- rN+ Will+}
 54574 | Vaults:5 | Reached XP level 24. HP: 228/228 MP: 38/38
 54610 | Vaults:5 | Reached skill level 15 in Evocations
 54702 | Vaults:5 | Noticed an ancient lich
 54716 | Vaults:5 | Killed an ancient lich
 54826 | Vaults:5 | Found Behaczim's Distillery.
 54831 | Vaults:5 | Found Koumel's Magic Scroll Shoppe.
 55908 | Vaults:5 | Got the Dissertation on Poison and Kindling
 55911 | Vaults:5 | Identified the +0 plate armour of Past Mistakes {rCorr}
 55914 | Vaults:5 | Got the Quarto of Imprecation
 56145 | Vaults:5 | Found Fekeb's General Store.
 56155 | Vaults:5 | Found Cuenadgh's Distillery.
 56188 | Vaults:5 | Got a silver rune of Zot
 56516 | Depths:1 | Entered Level 1 of the Depths
 56723 | Depths:1 | Found a broken altar of Ashenzari.
 56769 | Depths:1 | Found a gateway to Hell.
 57711 | Depths:2 | Identified the ring of Ihyif {Ice rPois Dex+2}
 57711 | Depths:2 | Noticed Josephina
 57746 | Depths:2 | Killed Josephina
 57949 | Depths:2 | Found a one-way gate to the infinite horrors of the Abyss.
 58082 | Depths:2 | Found a one-way gateway to a ziggurat.
 58413 | Depths:2 | Found a runed translucent gate.
 58413 | Depths:2 | Found a runed translucent gate.
 58413 | Depths:2 | Found a runed translucent gate.
 58442 | Depths:2 | Noticed Sojobo
 58443 | Depths:2 | Found a runed translucent gate.
 58443 | Depths:2 | Found a runed translucent gate.
 58443 | Depths:2 | Found a runed translucent gate.
 58466 | Depths:2 | Noticed Vv
 58503 | Depths:2 | Killed Vv
 58973 | Depths:2 | Found a one-way gate leading to the halls of Pandemonium.
 59227 | Depths:2 | Reached XP level 25. HP: 218/240 MP: 30/38
 59255 | Depths:2 | Killed Sojobo
 59355 | Depths:3 | Noticed the Enchantress
 59391 | Depths:3 | Killed the Enchantress
 59522 | Depths:3 | Paralysed by a floating eye for 4 turns
 59839 | Depths:3 | Noticed a juggernaut
 59866 | Depths:3 | Killed a juggernaut
 60457 | Depths:3 | Noticed an ancient lich
 60473 | Depths:3 | Killed an ancient lich
 60667 | Depths:3 | Identified the ring "Itzemp" {rPois AC+4 Str+5}
 60723 | Depths:3 | Identified the +10 mace "Impbane" {vorpal, rPois Str+3}
 61060 | Depths:4 | Entered Level 4 of the Depths
 61274 | Depths:4 | Noticed Parghit
 61357 | Depths:4 | Killed Parghit
 61475 | Depths:4 | Found a broken altar of Ashenzari.
 61525 | Depths:4 | Learned a level 5 spell: Silence
 61604 | Depths:4 | Reached XP level 26. HP: 251/251 MP: 39/39
 61879 | Depths:4 | Found a gate to the Realm of Zot.
 62239 | Zot:1    | Entered Level 1 of the Realm of Zot
 62366 | Zot:1    | Reached skill level 1 in Hexes
 62369 | Zot:1    | Reached skill level 1 in Air Magic
 62432 | Zot:1    | Reached skill level 1 in Spellcasting
 64390 | Zot:3    | Noticed an orb of fire
 64391 | Zot:3    | Gained mutation: You occasionally lose the ability to read
                  | scrolls when taking damage. [an orb of fire]
 64426 | Zot:2    | Killed an orb of fire
 65222 | Zot:3    | Noticed an orb of fire
 65226 | Zot:3    | Gained mutation: You are frail. (-10% HP) [an orb of fire]
 65230 | Zot:3    | Gained mutation: Armour fits poorly on your strangely
                  | shaped body. [an orb of fire]
 65236 | Zot:3    | Gained mutation: You are dopey. (Int -2) [an orb of fire]
 65238 | Zot:3    | Killed an orb of fire
 65519 | Zot:4    | Noticed a Killer Klown
 65522 | Zot:4    | Reached skill level 5 in Hexes
 65522 | Zot:4    | Reached XP level 27. HP: 223/226 MP: 16/39
 67267 | Zot:5    | Entered Level 5 of the Realm of Zot
 67413 | Zot:5    | Reached skill level 5 in Air Magic
 67670 | Zot:5    | Noticed an ancient lich
 67690 | Zot:5    | Killed an ancient lich
 67757 | Zot:5    | Noticed a dread lich
 67757 | Zot:5    | Noticed an ancient lich
 67783 | Zot:5    | Noticed an ancient lich
 67784 | Zot:5    | Noticed an orb of fire
 67794 | Zot:4    | Killed a dread lich
 67814 | Zot:5    | Noticed an orb of fire
 67825 | Zot:4    | Gained mutation: You occasionally shout uncontrollably at
                  | your foes. [an orb of fire]
 67834 | Zot:4    | Gained mutation: You are very frail. (-20% HP) [an orb of
                  | fire]
 67837 | Zot:4    | Killed an ancient lich
 67845 | Zot:4    | Killed an orb of fire
 67846 | Zot:4    | Reached skill level 5 in Spellcasting
 68221 | Zot:5    | Noticed an ancient lich
 68222 | Zot:5    | Gained mutation: You are occasionally teleported next to
                  | monsters. [an orb of fire]
 68224 | Zot:5    | Gained mutation: Your spells are a little easier to cast,
                  | but a little less powerful. [an orb of fire]
 68224 | Zot:5    | Noticed a dread lich
 68236 | Zot:5    | Gained mutation: Your body sometimes deteriorates upon
                  | taking damage. [an orb of fire]
 68240 | Zot:5    | Gained mutation: Your body often deteriorates upon taking
                  | damage. [an orb of fire]
 68252 | Zot:5    | Noticed an ancient lich
 68254 | Zot:5    | Noticed an ancient lich
 68255 | Zot:5    | Gained mutation: You occasionally lose the ability to drink
                  | potions when taking damage. [an orb of fire]
 68257 | Zot:5    | Killed an ancient lich
 68257 | Zot:5    | Killed an ancient lich
 68257 | Zot:5    | Killed an ancient lich
 68267 | Zot:5    | Killed a dread lich
 68267 | Zot:5    | Gained mutation: You are clumsy. (Dex -2) [an orb of fire]
 68279 | Zot:5    | Killed an orb of fire
 68286 | Zot:5    | Killed an ancient lich
 69297 | Zot:5    | Lost mutation: You are very frail. (-20% HP) [potion of
                  | mutation]
 69297 | Zot:5    | Lost mutation: Your body often deteriorates upon taking
                  | damage. [potion of mutation]
 69297 | Zot:5    | Gained mutation: You are strong-willed. (Will+) [potion of
                  | mutation]
 69297 | Zot:5    | Gained mutation: You are resistant to electric shocks.
                  | (rElec) [potion of mutation]
 69298 | Zot:5    | Lost mutation: You occasionally shout uncontrollably at
                  | your foes. [potion of mutation]
 69298 | Zot:5    | Lost mutation: You are resistant to electric shocks.
                  | (rElec) [potion of mutation]
 69298 | Zot:5    | Lost mutation: Your body sometimes deteriorates upon taking
                  | damage. [potion of mutation]
 69298 | Zot:5    | Lost mutation: Armour fits poorly on your strangely shaped
                  | body. [potion of mutation]
 69299 | Zot:5    | Lost mutation: You occasionally lose the ability to read
                  | scrolls when taking damage. [potion of mutation]
 69299 | Zot:5    | Lost mutation: You are frail. (-10% HP) [potion of
                  | mutation]
 69299 | Zot:5    | Gained mutation: You sometimes lose your temper in combat.
                  | [potion of mutation]
 69299 | Zot:5    | Lost mutation: You are dopey. (Int -2) [potion of mutation]
 69300 | Zot:5    | Lost mutation: You sometimes lose your temper in combat.
                  | [potion of mutation]
 69300 | Zot:5    | Lost mutation: You are occasionally teleported next to
                  | monsters. [potion of mutation]
 69300 | Zot:5    | Gained mutation: Armour fits poorly on your strangely
                  | shaped body. [potion of mutation]
 69302 | Zot:5    | Lost mutation: You are strong-willed. (Will+) [potion of
                  | mutation]
 69302 | Zot:5    | Lost mutation: You are clumsy. (Dex -2) [potion of
                  | mutation]
 69302 | Zot:5    | Gained mutation: You are robust. (+10% HP) [potion of
                  | mutation]
 69302 | Zot:5    | Gained mutation: You have a pair of small horns on your
                  | head. [potion of mutation]
 69303 | Zot:5    | Lost mutation: Your spells are a little easier to cast, but
                  | a little less powerful. [potion of mutation]
 69303 | Zot:5    | Lost mutation: You are robust. (+10% HP) [potion of
                  | mutation]
 69303 | Zot:5    | Lost mutation: Armour fits poorly on your strangely shaped
                  | body. [potion of mutation]
 69303 | Zot:5    | Gained mutation: Your muscles are strong. (Str +4, Int/Dex
                  | -1) [potion of mutation]
 69303 | Zot:5    | Gained mutation: Your muscles are very strong. (Str +8,
                  | Int/Dex -2) [potion of mutation]
 69304 | Zot:5    | Lost mutation: You occasionally lose the ability to drink
                  | potions when taking damage. [potion of mutation]
 69304 | Zot:5    | Lost mutation: Your muscles are very strong. (Str +8,
                  | Int/Dex -2) [potion of mutation]
 69304 | Zot:5    | Gained mutation: You expend magic power (3 MP) to
                  | strengthen your wands. [potion of mutation]
 69304 | Zot:5    | Gained mutation: You are strong-willed. (Will+) [potion of
                  | mutation]
 69304 | Zot:5    | Gained mutation: You have hidden genetic potential. [potion
                  | of mutation]
 69810 | Slime:1  | Entered Level 1 of the Pits of Slime
 69822 | Slime:1  | Gained mutation: You occasionally shout uncontrollably at
                  | your foes. [a shining eye]
 69822 | Slime:1  | Gained mutation: Your body sometimes deteriorates upon
                  | taking damage. [a shining eye]
 69936 | Slime:2  | Gained mutation: Armour fits poorly on your strangely
                  | shaped body. [a shining eye]
 69938 | Slime:2  | Gained mutation: You frequently scream uncontrollably at
                  | your foes. [a shining eye]
 69942 | Slime:2  | Gained mutation: You sometimes lose your temper in combat.
                  | [a shining eye]
 70188 | Slime:5  | Entered Level 5 of the Pits of Slime
 70270 | Slime:5  | Noticed the Royal Jelly
 70376 | Slime:5  | Killed the Royal Jelly
 70461 | Slime:5  | Got the Discourse on the Iceberg
 70462 | Slime:5  | Identified the +1 plate armour "Beidoz" {Int+5}
 70526 | Slime:5  | Got a slimy rune of Zot
 70568 | Slime:5  | Got the Monograph on Entrancing Toxins
 70597 | Slime:5  | Identified the +9 hand axe of Exoneration {vamp, rN+}
 70600 | Slime:5  | Identified the +4 plate armour of Starshine {Regen+ Stlth+}
 70601 | Slime:5  | Identified the +6 hand axe of Xioz {vorpal, rF+ Int+5
                  | Dex+2}
 70618 | Slime:5  | Identified the +8 rapier "Orb Guardian's Death" {freeze,
                  | rN+++ Will-}
 70630 | Slime:5  | Got the Vellum of Profane Secrets and the Wayfarer
 71237 | Crypt:1  | Entered Level 1 of the Crypt
 72318 | Vaults:5 | Bought a potion of curing for 36 gold pieces
 72318 | Vaults:5 | Bought a potion of curing for 36 gold pieces
 72318 | Vaults:5 | Bought a potion of ambrosia for 96 gold pieces
 72318 | Vaults:5 | Bought a potion of curing for 36 gold pieces
 72318 | Vaults:5 | Bought a potion of curing for 36 gold pieces
 72318 | Vaults:5 | Bought a potion of invisibility for 96 gold pieces
 72610 | Elf:3    | Bought a scroll of teleportation for 45 gold pieces
 72610 | Elf:3    | Bought a scroll of teleportation for 45 gold pieces
 72610 | Elf:3    | Bought a scroll of teleportation for 45 gold pieces
 72610 | Elf:3    | Bought 2 scrolls of blinking for 225 gold pieces
 72610 | Elf:3    | Bought a scroll of teleportation for 45 gold pieces
 72610 | Elf:3    | Bought a scroll of fog for 60 gold pieces
 72899 | Vaults:5 | Bought a scroll of teleportation for 48 gold pieces
 72899 | Vaults:5 | Bought a scroll of torment for 152 gold pieces
 72899 | Vaults:5 | Bought a scroll of amnesia for 64 gold pieces
 72899 | Vaults:5 | Bought a scroll of teleportation for 48 gold pieces
 72899 | Vaults:5 | Bought a scroll of immolation for 64 gold pieces
 72924 | Vaults:5 | Bought a scroll of teleportation for 60 gold pieces
 72924 | Vaults:5 | Bought a potion of berserk rage for 100 gold pieces
 72931 | Vaults:5 | Bought a potion of mutation for 152 gold pieces
 72931 | Vaults:5 | Bought a potion of resistance for 190 gold pieces
 72931 | Vaults:5 | Bought a potion of mutation for 152 gold pieces
 72931 | Vaults:5 | Bought a potion of magic for 152 gold pieces
 72931 | Vaults:5 | Bought a potion of berserk rage for 95 gold pieces
 72931 | Vaults:5 | Bought a potion of heal wounds for 95 gold pieces
 72931 | Vaults:5 | Lost mutation: You frequently scream uncontrollably at your
                  | foes. [potion of mutation]
 72931 | Vaults:5 | Lost mutation: Your body sometimes deteriorates upon taking
                  | damage. [potion of mutation]
 72931 | Vaults:5 | Lost mutation: You are strong-willed. (Will+) [potion of
                  | mutation]
 72931 | Vaults:5 | Gained mutation: You have a pair of horns on your head.
                  | [potion of mutation]
 72931 | Vaults:5 | Lost mutation: You sometimes lose your temper in combat.
                  | [potion of mutation]
 72932 | Vaults:5 | Lost mutation: You have hidden genetic potential. [potion
                  | of mutation]
 72932 | Vaults:5 | Lost mutation: Your muscles are strong. (Str +4, Int/Dex
                  | -1) [potion of mutation]
 72932 | Vaults:5 | Lost mutation: Armour fits poorly on your strangely shaped
                  | body. [potion of mutation]
 72932 | Vaults:5 | Gained mutation: You occasionally lose the ability to read
                  | scrolls when taking damage. [potion of mutation]
 72932 | Vaults:5 | Gained mutation: You are weak. (Str -2) [potion of
                  | mutation]
 73262 | Snake:2  | Bought a potion of brilliance for 60 gold pieces
 73262 | Snake:2  | Bought a potion of magic for 120 gold pieces
 73265 | Snake:2  | Bought a scroll of fog for 68 gold pieces
 73265 | Snake:2  | Bought a scroll of summoning for 161 gold pieces
 73271 | Snake:2  | Bought a wand of mindburst (9) for 201 gold pieces
 73520 | Vaults:1 | Bought the ring "Laitoaxt" {Fly rElec Will- Int+5 Dex-3}
                  | for 693 gold pieces
 73786 | Crypt:2  | Found a magical portal.
 73806 | WizLab   | Entered The Chambers of the Cloud Mage
 73810 | WizLab   | Paralysed by an air elemental for 1 turns
 74073 | WizLab   | Paralysed by an air elemental for 1 turns
 74085 | WizLab   | Paralysed by an air elemental for 1 turns
 74220 | WizLab   | Identified the ring "Jysmawn" {Fly rN++ Will+ MP-9 Slay+3}
 74311 | WizLab   | Identified the +1 war axe of Faneadecs {speed, Dex+3}
 74325 | WizLab   | Identified the +2 robe of Pandemonium {rC+ MP+9}
 74785 | Crypt:2  | Identified the +4 quarterstaff of Athaext {flame, Str+4
                  | Int+3}
 75013 | Crypt:2  | Noticed Boris
 75022 | Crypt:2  | Killed Boris
 75441 | Crypt:3  | Entered Level 3 of the Crypt
 75510 | Crypt:3  | Found a transporter.
 75664 | Crypt:3  | Found a staircase to the Tomb.
 75726 | Crypt:3  | Found a transporter.
 75729 | Crypt:3  | Noticed a royal mummy
 75732 | Crypt:3  | Noticed Woadakig's ghost (veteran FoFi)
 75776 | Crypt:3  | Noticed Osipn's ghost (veteran MiGl)
 75946 | Crypt:3  | Reached skill level 27 in Invocations
 76341 | Crypt:3  | Found a basalt altar of Yredelemnul.
 76348 | Crypt:3  | Found an ancient bone altar of Kikubaaqudgha.
 76368 | Crypt:3  | Identified the ring "Ossaesyg" {rC+ Dex+2}
 76371 | Crypt:3  | Identified the ring "Giackuis" {Str+2 Dex+2 SInv}
 76418 | Crypt:3  | Found the +8 Vampire's Tooth {vamp}
 76425 | Crypt:3  | Identified the +8 flail of Zeczali {freeze, rCorr Dex+4
                  | SInv}
 76791 | Crypt:2  | Found a basalt altar of Yredelemnul.
 76864 | Crypt:3  | Killed a royal mummy
 76884 | Crypt:3  | Killed Osipn's ghost
 76902 | Crypt:3  | Killed Woadakig's ghost
 77573 | Depths:2 | Voluntarily entered the Abyss.
 77766 | Abyss:4  | Reached skill level 10 in Hexes
 77780 | Abyss:5  | Found a corrupted altar of Lugonu.
 77791 | Abyss:5  | Noticed a dread lich
 77798 | Abyss:5  | Killed a dread lich
 77911 | Abyss:5  | Found a corrupted altar of Lugonu.
 77930 | Abyss:5  | Found a corrupted altar of Lugonu.
 78217 | Abyss:6  | Found a corrupted altar of Lugonu.
 78258 | Abyss:6  | Paralysed by accursed screaming for 1 turns
 78259 | Abyss:6  | HP: 12/269 [raiju/living lightning (2)]
 78270 | Abyss:7  | Entered Level 7 of the Abyss
 78286 | Abyss:7  | Found a corrupted altar of Lugonu.
 78286 | Abyss:7  | Found a corrupted altar of Lugonu.
 78287 | Abyss:7  | Got an abyssal rune of Zot
 78361 | Depths:2 | Escaped the Abyss
 78918 | Pan      | Entered Pandemonium
 78948 | Pan      | Gained mutation: You sometimes lose your temper in combat.
                  | [a cacodemon]
 78991 | Pan      | Reached skill level 10 in Air Magic
 79020 | Pan      | Noticed Zeitesiw the pandemonium lord
 79032 | Pan      | Killed Zeitesiw the pandemonium lord
 79486 | Pan      | Found a runed translucent door.
 80234 | Pan      | Found an exit through the horrors of the Abyss.
 80242 | Pan      | Gained mutation: You frequently scream uncontrollably at
                  | your foes. [a neqoxec]
 80341 | Pan      | Noticed Qer Huacata the pandemonium lord
 80363 | Pan      | Killed Qer Huacata the pandemonium lord
 80452 | Pan      | Gained mutation: You are clumsy. (Dex -2) [a neqoxec]
 80452 | Pan      | Gained mutation: Your body sometimes deteriorates upon
                  | taking damage. [a neqoxec]
 80761 | Pan      | Identified the +1 storm dragon scales of the World {rElec
                  | rPois rC+ Will+}
 80771 | Pan      | Got a demonic rune of Zot
 81141 | Pan      | Noticed Zatseock the pandemonium lord
 81147 | Pan      | Killed Zatseock the pandemonium lord
 81480 | Pan      | Gained mutation: You are frail. (-10% HP) [a neqoxec]
 81722 | Pan      | Found an exit through the horrors of the Abyss.
 82510 | Pan      | Gained mutation: You sometimes lose the ability to read
                  | scrolls when taking damage. [a cacodemon]
 83105 | Pan      | Acquired a manual of Polearms
 83710 | Pan      | Gained mutation: You are occasionally teleported next to
                  | monsters. [a cacodemon]
 83714 | Pan      | Noticed Arelum the pandemonium lord
 83730 | Pan      | Killed Arelum the pandemonium lord
 84254 | Pan      | Lost mutation: You are weak. (Str -2) [potion of mutation]
 84254 | Pan      | Lost mutation: You are clumsy. (Dex -2) [potion of
                  | mutation]
 84254 | Pan      | Lost mutation: You are occasionally teleported next to
                  | monsters. [potion of mutation]
 84254 | Pan      | Lost mutation: You are frail. (-10% HP) [potion of
                  | mutation]
 84254 | Pan      | Gained mutation: You are partially covered in iridescent
                  | scales. (AC +2) [potion of mutation]
 85344 | Pan      | Found a huge runed translucent gate.
 85344 | Pan      | Found a huge runed translucent gate.
 85344 | Pan      | Found a huge runed translucent gate.
 85345 | Pan      | Found a huge runed translucent gate.
 85345 | Pan      | Found a huge runed translucent gate.
 85346 | Pan      | Found a huge runed translucent gate.
 85347 | Pan      | Found a huge runed translucent gate.
 85347 | Pan      | Found a huge runed translucent gate.
 85348 | Pan      | Found a huge runed translucent gate.
 85348 | Pan      | Found a huge runed translucent gate.
 85348 | Pan      | Found a huge runed translucent gate.
 85349 | Pan      | Found a huge runed translucent gate.
 85349 | Pan      | Found a huge runed translucent gate.
 85349 | Pan      | Found a huge runed translucent gate.
 85349 | Pan      | Found a huge runed translucent gate.
 85349 | Pan      | Found a huge runed translucent gate.
 85350 | Pan      | Found a huge runed translucent gate.
 85350 | Pan      | Found a huge runed translucent gate.
 85350 | Pan      | Found a huge runed translucent gate.
 85350 | Pan      | Found a huge runed translucent gate.
 85350 | Pan      | Found a huge runed translucent gate.
 85350 | Pan      | Noticed Uroalu Uxigh the pandemonium lord
 85652 | Pan      | Killed Uroalu Uxigh the pandemonium lord
 85653 | Pan      | Reached skill level 27 in Fighting
 86513 | Pan      | Found an exit through the horrors of the Abyss.
 86527 | Pan      | Noticed Siggiz the pandemonium lord
 86529 | Pan      | Killed Siggiz the pandemonium lord
 87057 | Pan      | Noticed Raqog the pandemonium lord
 87199 | Pan      | Killed Raqog the pandemonium lord
 87200 | Pan      | Reached skill level 10 in Spellcasting
 87978 | Pan      | Entered the realm of Gloorx Vloq.
 88219 | Pan      | Lost mutation: You sometimes lose the ability to read
                  | scrolls when taking damage. [potion of mutation]
 88219 | Pan      | Lost mutation: You occasionally lose the ability to read
                  | scrolls when taking damage. [potion of mutation]
 88219 | Pan      | Lost mutation: You are partially covered in iridescent
                  | scales. (AC +2) [potion of mutation]
 88744 | Pan      | Noticed Gloorx Vloq
 88758 | Pan      | Killed Gloorx Vloq
 89234 | Pan      | Got a dark rune of Zot
 89627 | Pan      | Found an exit through the horrors of the Abyss.
 89723 | Pan      | Gained mutation: You occasionally lose the ability to drink
                  | potions when taking damage. [a cacodemon]
 89895 | Pan      | Noticed Sow Mac the pandemonium lord
 89902 | Pan      | Killed Sow Mac the pandemonium lord
 90013 | Pan      | Entered the realm of Cerebov.
 90020 | Pan      | Learned a level 5 spell: Manifold Assault
 90029 | Pan      | Learned a level 8 spell: Necromutation
 90161 | Pan      | Found an exit through the horrors of the Abyss.
 90270 | Pan      | Identified the ring "Zyrghacul" {Ice Will+++ rCorr Dex+3}
 90357 | Pan      | Reached skill level 1 in Necromancy
 90427 | Pan      | Reached skill level 1 in Translocations
 90538 | Pan      | Reached skill level 1 in Transmutations
 90661 | Pan      | Found the +6 sword of Cerebov {flame}
 90661 | Pan      | Noticed Cerebov
 90663 | Pan      | Identified the +10 short sword of the Equator {elec, *Slow
                  | rElec rCorr Int+7}
 90663 | Pan      | Identified the +1 robe "Vitamm" {rC+}
 90664 | Pan      | Identified the +8 quarterstaff "Dicill" {flame, Dex+6}
 91229 | Pan      | Identified the +8 hand axe of Wepnos {vorpal, rN+}
 91295 | Pan      | Identified the +0 leather armour "Byirasept" {rF+ rC+
                  | Str+3}
 91313 | Pan      | Identified the +3 quarterstaff of Brutal Revenge {drain,
                  | Will+}
 91331 | Pan      | Identified the +8 ring mail "Earthly Heaven" {-Cast rF++
                  | Str+7}
 91356 | Pan      | Identified the +5 glaive "Focwiahoo" {freeze, +Blink Str+4}
 91379 | Pan      | Learned a level 4 spell: Passage of Golubria
 91422 | Pan      | Killed Cerebov
 92446 | Pan      | Got a fiery rune of Zot
 92548 | Pan      | Entered the realm of Mnoleg.
 92859 | Pan      | Noticed Mnoleg
 92887 | Pan      | Paralysed by a floating eye for 2 turns
 92888 | Pan      | Gained mutation: You are occasionally teleported next to
                  | monsters. [Mnoleg's mutagenic touch]
 92893 | Pan      | Killed Mnoleg
 93117 | Pan      | Got a glowing rune of Zot
 93141 | Pan      | Gained mutation: You are clumsy. (Dex -2) [a cacodemon]
 93171 | Pan      | Gained mutation: You are dopey. (Int -2) [a neqoxec]
 93722 | Pan      | Found an exit through the horrors of the Abyss.
 93728 | Pan      | Reached skill level 5 in Necromancy
 93868 | Pan      | Took an exit into the Abyss.
 93868 | Abyss:7  | Escaped into the Abyss
 93868 | Abyss:7  | Entered Level 7 of the Abyss
 93889 | Abyss:7  | Gained mutation: You have an uncontrollable temper. [a
                  | neqoxec]
 93900 | Abyss:7  | Found a corrupted altar of Lugonu.
 93914 | Abyss:7  | HP: 10/218 [hellephant/blast of flame (9)]
 93958 | Abyss:7  | HP: 10/218 [hell hog/fireball (2)]
 93961 | Abyss:7  | HP: 2/191 [reaper/+2 scythe of flaming (3)]
 93995 | Depths:2 | Escaped the Abyss
 94455 | Pan      | Entered Pandemonium
 94582 | Pan      | Reached skill level 5 in Translocations
 94886 | Pan      | Gained mutation: Your spells are a little easier to cast,
                  | but a little less powerful. [a cacodemon]
 94919 | Pan      | Noticed Vifog the pandemonium lord
 94930 | Pan      | Killed Vifog the pandemonium lord
 95060 | Pan      | Entered the realm of Lom Lobon.
 95210 | Pan      | Reached skill level 5 in Transmutations
 95339 | Pan      | Reached skill level 15 in Hexes
 95486 | Pan      | Noticed Lom Lobon
 95516 | Pan      | Killed Lom Lobon
 96197 | Pan      | Acquired the ring of Kikubaaqudgha's Regard {+Blink rPois
                  | rC+ SInv}
 96255 | Pan      | Identified the +8 quarterstaff of Huesk {freeze, rElec rF-
                  | Dex+8}
 96504 | Pan      | Got a magical rune of Zot
 96781 | Pan      | Noticed Yxoihu Zefuv the pandemonium lord
 96800 | Pan      | Killed Yxoihu Zefuv the pandemonium lord
 97243 | Pan      | Found an exit through the horrors of the Abyss.
 98396 | Pan      | Noticed Plog the pandemonium lord
 98399 | Pan      | Killed Plog the pandemonium lord
 99444 | Pan      | Reached skill level 15 in Air Magic
 99660 | Pan      | Found a white marble altar of Elyvilon.
100036 | Pan      | Identified the +1 tower shield of Dise {Str-3 Int+2 Dex+5
                  | Stlth+}
100322 | Pan      | Identified the +1 scale mail "Weyfaull" {Harm Str+6 Int+6
                  | Dex+2}
100443 | Pan      | Identified the +0 buckler of Pandemonium {+Inv Will- Int+7
                  | Dex-2}
101543 | Pan      | Identified the ring "Ulaetiqu" {rN+ rCorr Int+6}
101543 | Pan      | Noticed a seraph
101550 | Pan      | Killed a seraph
101565 | Pan      | Found a glowing golden altar of the Shining One.
102013 | Pan      | Identified the +0 tower shield "Ukesat" {rF+ Str+4 Stlth+}
102032 | Pan      | HP: 18/409 [daeva/divine providence (14)]
102035 | Pan      | Killed from afar by a daeva

Illustrated notes

Levels and vault maps discovered:
D:1:      wander_arrival_abandoned_jail, layout_basic, due_unseen_surprise
D:2:      layout_loops_cross, uniq_jessica
D:3:      layout_loops_cross, mainiacjoe_overflow_24_doors,
          uniq_crazy_yiuf_cottage
D:4:      layout_basic, uniq_eustachio, uniq_pikel
D:5:      layout_basic, kennysheep_mini_moat, minmay_overflow_temple_star_quad,
          grunt_temple_overflow_forces_of_nature, ebering_ghost_gozag
D:6:      layout_loops_ring, lightli_church_of_beogh
D:7:      layout_basic, beargit_hepliaklqana_dungeon_heroes,
          nicolae_dithmenos_shadow_blocks, temple_fountains, serial_shops, shop,
          kb_lookout_dungeons_type, grunt_decor_cap, minmay_ruined_shrine
D:8:      layout_loops_ring
D:9:      layout_roguey, uniq_maggie
D:10:     layout_loops_ring, due_lair_maze_entry_diamond,
          nicolae_trove_entry_diagonal, serial_shops, nicolae_shop_trees,
          roderic_serpentine_path
D:11:     layout_roguey, orc_0_dummy, serial_shops, nicolae_diamond_shop,
          kennysheep_cross_room, hex_tiny
D:12:     layout_rooms, abandoned_shop, yredelemnul_forgotten_temple_becter
D:13:     layout_gridville
D:14:     layout_layer_cave, erik_vaults_1, serial_shops,
          nicolae_shop_waterfront, xom_teletrap_fun, uniq_azrael
D:15:     grunt_enter_depths_magical_seal, layout_loops_ring, serial_shops,
          shop, nicolae_shop_hallway_plus, minmay_tree_intersection,
          eino_tiny_chamber, trog_hazing_becter, uniq_roxanne
Temple:   nicolae_temple_bog_church
Lair:1:   layout_cave_pods, minmay_stone_trees_small,
          kennysheep_abandoned_house, grunt_megastairs_5, serial_bayou_shore_a,
          uniq_harold
Lair:2:   layout_cave_pods, guppyfry_snake_entry_garden, serial_bayou_shore_b
Lair:3:   layout_roguey, shoals_dummy_entry
Lair:4:   layout_gridlike, minmay_slime_entry_pillars,
          portal_ice_cave_entry_ice_simulacra, grunt_forest_stairs_basic
Lair:5:   minmay_lair_end_enchanted_forest, layout_misc_corridors,
          wad_woods_road_01, uniq_nessos
Shoals:1: layout_shoals, uniq_donald
Shoals:2: layout_shoals, uniq_aizul, uniq_frances, uniq_polyphemus
Shoals:3: layout_shoals, nicolae_shop_firing_range, uniq_bai_suzhen
Shoals:4: shoals_end_simple, layout_shoals
Snake:1:  layout_misc_corridors, grunt_ministairs_15
Snake:2:  cheibrodos_snake_lava_hold, layout_gridlike, serial_shops,
          shop_fountains, nicolae_shop_unique_rings, minmay_shoptagon
Snake:3:  nicolae_snake_nest, layout_layer_cave, nicolae_snake_squiggles,
          lemuel_oklob_altar
Snake:4:  johnstein_snake_rune_scales, layout_misc_corridors, uniq_saint_roka,
          uniq_nikola
Slime:1:  layout_caves
Slime:2:  layout_caves
Slime:3:  layout_caves
Slime:4:  layout_caves, nicolae_slime_phagocytosis
Slime:5
Orc:1:    layout_caves, sword_in_stone
Orc:2:    st_orc_mages, layout_diamond_mine
Elf:1:    minmay_elf_arrival_circle, layout_onion_city,
          minmay_elf_crystal_hexagon, minivault_20
Elf:2:    elven_hall_of_blades_hangedman_original
          [infiniplex_blade_entry_pillars], layout_onion_city, lemuel_elevator,
          uniq_asterion
Elf:3:    minmay_elf_hall_x, layout_geoelf_castle, serial_shops, shop,
          basic_altar, uniq_louise
Vaults:1: vaults_room_large_hall, dpeg_vaults_monster_row,
          nicolae_vaults_rhombus_6, v_misc_18, v_misc_11, v_misc_30,
          vaults_room_hallway, v_misc_30, ontoclasm_vaults_claustrophobia,
          vaults_mumra_hexcomb, nicolae_vaults_little_squares_5,
          vaults_room_hallway, layout_vaults_ring, serial_shops,
          nicolae_lakefront_shop
Vaults:2: ontoclasm_vaults_ring_large, vaults_dpeg_encased_lava,
          ontoclasm_vaults_gateway, blue_anna_dwarven_crypt,
          hangedman_vaults_stream, v_pattern_2, nicolae_vaults_yaktaur_gun_rack,
          nicolae_vaults_circle_grid_b, v_misc_1, special_room_vaults
          [special_room_orc], vaults_dpeg_hooks, layout_vaults_big_cross
Vaults:3: st_hourglassy, grunt_vaults_focal, hangedman_vaults_cutoff,
          nicolae_vaults_twisting_passages, v_misc_30, v_pattern_5,
          nicolae_vaults_arrows, nicolae_vaults_little_squares_2,
          hangedman_vaults_river_flow, serial_ice_g, v_misc_16,
          nicolae_vaults_specimen_jars, nicolae_vaults_little_squares_1,
          vaults_dpeg_spiral, vaults_room_grid, layout_vaults_maze
Vaults:4: gammafunk_dig_for_victory, hangedman_vaults_slice,
          nicolae_vaults_circle_grid_a, nicolae_vaults_hallways_thing,
          ontoclasm_vaults_idyll, hangedman_vaults_hat,
          vaults_room_grunt_arrival_checkpoint, nicolae_vaults_network_star,
          nicolae_vaults_ninety_degrees, hangedman_vaults_slice, v_misc_16,
          layout_vaults_omnibox, uniq_xtahua
Vaults:5: serial_shops
Crypt:1:  layout_regular_city, serial_sigils_hangedman_scar,
          grunt_crypt_arrival_split
Crypt:2:  layout_chaotic_city, infiniplex_enter_wizlab_water,
          nicolae_crypt_cryptocurrency, amcnicky_mini_rare_corridor_liquid,
          lemuel_upstairs_altar, uniq_boris
Crypt:3:  lightli_unholy_cathedral, layout_chaotic_city,
          nicolae_tomb_entry_unfolded_pyramid_diagonal, nzn_ghost_randoct,
          minmay_strange_pillars, serial_sigils_hangedman_quiver
Depths:1: layout_gridville, grunt_hell_entry_dis_mu, ashenzari_altar_1,
          nooodl_orcs_dogs
Depths:2: kennysheep_treasure_stockpile, layout_basic, enter_ziggurat_e,
          grunt_metal_band, rand_demon_pan_entry_9, hangedman_abyss_entry_splay,
          serial_corexii_hall, chequers_hall_statues_wall_a,
          corexii_hall_statues_t, uniq_sojobo, uniq_vv, uniq_josephina
Depths:3: minmay_tearing_corner, layout_cave_shapes, abyss_entry, hell_entry,
          grunt_pan_entry_spiral, grunt_megastairs_2, uniq_margery,
          uniq_enchantress
Depths:4: grunt_zot_entry_pinwheel, layout_gridlike, hangedman_coc_ice_floe,
          pan_entry, lemuel_crystal_altar, nicolae_twisting_strands,
          grunt_ministairs_9, eino_tiny_chamber, uniq_parghit
Zot:1:    layout_gridlike
Zot:2:    kennysheep_six_static_rooms, layout_concentric_octagons
Zot:3:    grunt_twist_and_shout, layout_onion_interference
Zot:4:    layout_cathedral_of_symmetry
Zot:5:    layout_twisted_circle
Pan:      rand_demon_1, layout_pan_divisions_a [pan_division_quadrant_a2,
          pan_division_quadrant_a2, pan_division_quadrant_a3,
          pan_division_quadrant_a6, pan_division_octagon_empty],
          evilmike_mini_pan_other_thingy, layout_grid_shapes, rand_demon_9,
          layout_basic, nicolae_pan_hourglass, layout_irregular_city,
          evilmike_mini_pan_thingy, layout_pan_divisions_a
          [pan_division_quadrant_a6, pan_division_quadrant_a1,
          pan_division_quadrant_a4, pan_division_quadrant_a4,
          pan_division_octagon_divided], evilmike_mini_pan_thingy,
          layout_chambers, nicolae_pan_lom_lobonic_3, reaverb_pan_figure_eight,
          rand_demon_5, layout_chambers, pan_blood_fountain_small, rand_demon_1,
          layout_cross, evilmike_mini_pan_murderfest, layout_irregular_city,
          pan_blood_fountain_small, evilmike_mini_pan_possible_glass,
          layout_gridlike, pan_blood_fountain, nicolae_pan_hourglass,
          layout_stronghold, gloorx_vloq_st, layout_pan_divisions_b
          [pan_division_quadrant_b1, pan_division_quadrant_b4,
          pan_division_quadrant_b6, pan_division_quadrant_b4],
          pan_blood_fountain_2, regret_index_pan_draining_boxed,
          layout_chambers, evilmike_mini_pan_rooms, layout_stronghold,
          pan_blood_fountain, pan_blood_fountain_small,
          nicolae_pan_gloorx_vloqian_3, cerebov, layout_gridville, mnoleg_grunt,
          layout_gridville, nicolae_pan_cerebovesque_3, nicolae_pan_sigil_itan,
          grunt_pan_sceptre, layout_pan_divisions_a [pan_division_quadrant_a5,
          pan_division_quadrant_a6, pan_division_quadrant_a6,
          pan_division_quadrant_a2, pan_division_octagon_empty],
          nicolae_pan_hourglass, layout_basic, lom_lobon_grunt,
          layout_grid_shapes, evilmike_mini_pan_pillars_b, layout_long_grid,
          pan_blood_fountain_small, grunt_pan_frozen_over, layout_gridlike,
          evilmike_holy_pan

Skill      XL: |  1  2  3  4  5  6  7  8  9 10 11 12 13 14 15 16 17 18 19 20 21 22 23 24 25 26 27 |
---------------+----------------------------------------------------------------------------------+-----
Axes           | 3 4 5 6 8 9 11 13 14 16 17 18 24 | 24.3
Fighting       | 4 5 6 7 8 9 10 11 12 13 15 16 17 18 19 20 21 22 23 24 27 | 27.0
Armour         | 4 5 6 7 8 9 10 11 12 13 14 15 16 17 18 19 20 21 22 26 | 26.9
Shields        | 4 5 6 7 8 9 10 11 12 13 15 16 17 18 19 20 21 22 26 | 26.9
Invocations    | 2 4 6 8 9 11 12 13 14 16 17 18 19 20 22 23 24 25 27 | 27.0
Evocations     | 3 5 7 8 9 10 12 13 14 15 | 15.0
Dodging        | 1 2 3 5 7 8 10 | 10.0
Hexes          | 5 16 | 16.1
Air Magic      | 4 15 | 15.3
Spellcasting   | 3 12 | 12.5
Necromancy     | 9 |  9.2
Translocations | 7 |  7.7
Transmutations | 7 |  7.0

Action                   |  1- 3 |  4- 6 |  7- 9 | 10-12 | 13-15 | 16-18 | 19-21 | 22-24 | 25-27 || total
-------------------------+-------+-------+-------+-------+-------+-------+-------+-------+-------++-------
Melee: War axe           |   101 |   163 |   315 |   343 |       |       |       |       |       ||   922
       Broad axe         |       |       |       |   318 |   800 |  1032 |  1239 |  1342 |  5725 || 10456
       Headbutt          |       |       |       |       |       |       |       |       |  1250 ||  1250
 Cast: Silence           |       |       |       |       |       |       |       |       |     1 ||     1
Invok: Upheaval          |       |       |       |     3 |     3 |       |     1 |       |     6 ||    13
       Disaster Area     |       |       |       |       |     1 |     1 |     8 |     7 |    33 ||    50
       Elemental Force   |       |       |       |       |       |       |     1 |       |       ||     1
Evoke: Wand              |       |       |     1 |    18 |     6 |     1 |       |     7 |     2 ||    35
  Use: Potion            |       |     1 |     1 |       |     1 |     4 |     5 |     1 |    67 ||    80
       Scroll            |       |       |       |    15 |    10 |     9 |     2 |     3 |    29 ||    68
 Stab: Distracted        |     1 |       |       |       |       |       |       |       |    59 ||    60
       Petrified         |       |       |       |       |     2 |       |       |       |       ||     2
       Invisible         |       |       |       |       |       |       |       |       |    14 ||    14
Armor: Scale mail        |    64 |    92 |   173 |    16 |       |       |       |       |       ||   345
       Chain mail        |       |       |       |    44 |       |       |       |       |       ||    44
       Plate armour      |       |       |       |   195 |   275 |   230 |   166 |   302 |   113 ||  1281
       Gold dragon scale |       |       |       |       |       |       |       |       |  1369 ||  1369
Dodge: Dodged            |    46 |    87 |   121 |   127 |   105 |   146 |   164 |   183 |   669 ||  1648
       Repelled          |       |       |       |       |     1 |     9 |    22 |    12 |    57 ||   101
Block: Buckler           |    27 |    38 |    83 |    17 |       |       |       |       |       ||   165
       Kite shield       |       |       |       |   573 |   889 |  1210 |  1348 |  1417 |  5742 || 11179
       Reflection        |       |       |       |       |       |    86 |   190 |    62 |   128 ||   466
